 Dungeon Crawl Stone Soup version 0.27.1-3-gb3d3a73c9e (webtiles) character file.

Game seed: 3333117230162707652

7 Descartes the Sneak (level 1, -1/13 HPs)
             Began as a Deep Elf Wanderer on Oct 8, 2021.
             Slain by a quokka (3 damage)
             ... on level 1 of the Dungeon.
             The game lasted 00:02:03 (355 turns).

Descartes the Sneak (Deep Elf Wanderer)              Turns: 355, Time: 00:02:03

Health: -1/13      AC:  5    Str: 10    XL:     1   Next: 91%
Magic:  4/4        EV: 12    Int: 17    God:
Gold:   26         SH:  0    Dex: 12    Spells: 2/2 levels left

rFire    . . .     SeeInvis .   c - +0 falchion
rCold    . . .     Faith    .   (no shield)
rNeg     . . .     Spirit   .   b - +2 leather armour
rPois    .         Reflect  .   (no helmet)
rElec    .         Harm     .   (no cloak)
rCorr    .         Rampage  .   (no gloves)
Will     .....                  (no boots)
Stlth    ++........             (no amulet)
HPRegen  0.04/turn              i - ring of flight
MPRegen  0.09/turn              (no ring)

@: flying
A: no striking features
a: no special abilities


You were on level 1 of the Dungeon.
You visited 1 branch of the dungeon, and saw 1 of its levels.

You collected 26 gold pieces.

Inventory:

Hand Weapons
 a - a +0 quarterstaff
 c - a +0 falchion (weapon)
 d - a +0 dagger
Missiles
 f - 47 arrows
 g - 30 stones (quivered)
Armour
 b - a +2 leather armour (worn)
Jewellery
 i - a ring of flight (left hand)
Scrolls
 h - a scroll of silence {unknown}
Potions
 e - a potion of magic {unknown}


   Skills:
 - Level 2.4 Fighting
 - Level 1.0 Long Blades
 + Level 2.7 Dodging
 + Level 3.8 Stealth
 + Level 1.1 Spellcasting
 + Level 0.0 Hexes
 + Level 1.1 Evocations


You had 2 spell levels left.
You didn't know any spells.
Your spell library contained the following spells:

 Spells                   Type           Power      Damage    Failure   Level
 Ensorcelled Hibernation  Hex/Ice        2%         N/A       41%         2
 Spider Form              Tmut/Pois      0%         N/A       65%         3
 Shadow Creatures         Summ           N/A        N/A       100%        6


Dungeon Overview and Level Annotations

Branches:
Dungeon (1/15)

Altars:


Message History

No target in view!
No target in view!
No target in view!
An endoplasm comes into view.
A quokka comes into view.
You hit the endoplasm but do no damage. The endoplasm freezes you.
You are frozen.
You hit the endoplasm.
The endoplasm is moderately wounded.
The endoplasm closely misses you.
You hit the endoplasm but do no damage.
The endoplasm is moderately wounded.
The endoplasm freezes you.
You are frozen.
The endoplasm closely misses you.
You are too injured to fight recklessly!
You are too injured to fight recklessly!
You are too injured to fight recklessly!
You are too injured to fight recklessly!
You are too injured to fight recklessly!
You are too injured to fight recklessly!
You are too injured to fight recklessly!
You are too injured to fight recklessly!
You are too injured to fight recklessly!
You are too injured to fight recklessly!
You are too injured to fight recklessly!
You are too injured to fight recklessly!
You are too injured to fight recklessly!
You are too injured to fight recklessly!
You are too injured to fight recklessly!
You are too injured to fight recklessly!
You hit the endoplasm.
The endoplasm is heavily wounded.
The endoplasm freezes you.
You are frozen.
* * * LOW HITPOINT WARNING * * *
You hit the endoplasm.
You kill the endoplasm!
The quokka bites you.
You die...

###############
###.............# #
#...........###.# #
#.#.#######.# #.# # #.#
##.###.#### #@#
##...##.##..
#..r.#####..........#
#...............##.##..
#......#######.###.####
....#.#.# #.# #.# #
#...#.#.#######.###.#
##. #.#.............# .
#.##########.#### #.#


You could see a quokka.

Vanquished Creatures
  2 bats (D:1)
  An endoplasm (D:1)
  A goblin (D:1)
  2 hobgoblins (D:1)
  A quokka (D:1)
7 creatures vanquished.

Notes
Turn   | Place    | Note
-------+----------+-------------------------------------------
     0 | D:1      | Descartes the Deep Elf Wanderer began the quest for the
                  | Orb.
     0 | D:1      | Descartes set off with the following items: a +0
                  | quarterstaff, a +2 leather armour, a +0 falchion, a +0
                  | dagger
     0 | D:1      | Reached XP level 1. HP: 13/13 MP: 3/3
   287 | D:1      | Reached skill level 1 in Spellcasting
   355 | D:1      | Slain by a quokka

Illustrated notes

Levels and vault maps discovered:
D:1:      dpeg_arrival_concentric_ovals, layout_loops_ring

Skill      XL: |  1 |
---------------+----+-----
Spellcasting   | 1 |  1.1
Fighting       | |  2.4
Long Blades    | |  1.0
Dodging        | |  2.7
Stealth        | |  3.8
Evocations     | |  1.1

Action                   || total
-------------------------++-------
Melee: Falchion          ||    14
       Quarterstaff      ||     3
 Stab: Sleeping          ||     1
Armor: Leather armour    ||     5
Dodge: Dodged            ||    10
       Rpst.: Falchion   ||     2
